Map: Ley Lines

Players

ManlyManMeat

  • Race: Zerg Zerg
  • League: Diamond
  • Spawn Location: 1:00

Griff - Winner!

  • Race: Protoss Protoss
  • League: Diamond
  • Spawn Location: 7:00

VOD

Have the link to the VOD?

Description

Time

  • Played on: July 5, 2025, 11:31 a.m.
  • Length: 7:55
Show
View Real Time Build Order
Export as new Build Order

ManlyManMeat Zerg 

Build Orders: Hatch First 

Get SALT Encoding   

  12  0:00  Drone  
  13  0:11  Drone  
  14  0:14  Extractor  
  14  0:16  Drone  
  15  0:29  Overlord  
  15  0:43  Hatchery  
  15  0:47  Drone  
  15  0:50  Drone  
  15  0:54  Drone  
  17  0:59  Drone  
  18  1:08  Extractor  
  17  1:14  Spawning Pool  
  16  1:20  Drone  
  16  1:22  Drone  
  18  1:31  Drone  
  19  1:49  Drone  
  20  2:01  Queen x2  
  20  2:02  Zergling x4  
  20  2:06  Drone  
  27  2:12  Drone  
  28  2:17  Metabolic Boost  
  28  2:28  Hatchery  
  27  2:32  Drone  
  27  2:36  Overlord  
  28  2:44  Overlord  
  28  2:54  Queen  
  28  2:56  Drone x3  
  33  3:04  Overlord  
  33  3:11  Drone x4  
  38  3:12  Drone  
  38  3:26  Drone  
  39  3:27  Baneling Nest, Drone x2  
  39  3:29  Overlord  
  40  3:40  Queen  
  42  3:43  Queen  
  42  3:47  Drone x2  
  46  3:50  Drone  
  46  3:53  Drone, Extractor  
  46  3:54  Drone  
  48  3:56  Drone  
  48  4:04  Drone x4  
  48  4:08  Spore Crawler  
  51  4:10  Spore Crawler  
  51  4:12  Spore Crawler  
  49  4:34  Drone x3  
  49  4:35  Overlord  
  49  4:36  Overlord x2  
  49  4:37  Overlord  
  52  4:41  Lair  
  52  4:44  Drone x3  
  55  4:49  Evolution Chamber  
  54  4:59  Zergling x4  
  57  5:00  Zergling x16  
  57  5:01  Zergling x4  
  66  5:31  Zerg Melee Weapons Level 1  
  66  5:32  Evolution Chamber  
  65  5:37  Zergling x18  
  74  5:43  Baneling x6  
  74  5:50  Hatchery  
  74  5:52  Overlord  
  74  5:53  Overlord  
  71  6:06  Queen  
  71  6:07  Drone, Zergling x20  
  72  6:18  Zergling x2  
  72  6:19  Zergling x12  
  72  6:20  Baneling  
  72  6:21  Baneling x3  
  72  6:22  Baneling  
  66  6:34  Zergling x12  
  64  6:43  Centrifugal Hooks  
  64  6:44  Zergling x4  
  50  6:55  Zergling x12  
  50  7:12  Infestation Pit  
  45  7:23  Baneling x8  
Show
View Real Time Build Order
Export as new Build Order

Griff Protoss - Winner!

Build Orders: 1 Gate Expand, Zealot Archon 

Get SALT Encoding   

  12  0:01  Probe  
  13  0:13  Probe  
  14  0:20  Pylon  
  14  0:25  Probe  
  15  0:34  Probe  
  15  0:42  Gateway, Probe  
  16  0:46  Assimilator  
  17  0:53  Probe  
  18  1:05  Probe  
  19  1:17  Probe  
  20  1:28  Nexus  
  20  1:41  Cybernetics Core, Assimilator  
  20  1:43  Probe  
  21  1:50  Pylon  
  21  1:56  Probe  
  22  2:07  Adept  
  22  2:08  Probe  
  23  2:10  Warp Gate  
  23  2:21  Probe  
  26  2:33  Probe  
  26  2:34  Stalker  
  27  2:40  Probe  
  27  2:42  Twilight Council  
  30  2:46  Probe  
  30  2:48  Probe  
  31  2:55  Probe  
  31  2:58  Probe  
  33  3:03  Probe  
  34  3:10  Probe  
  34  3:12  Probe  
  36  3:18  Charge  
  37  3:22  Probe  
  37  3:24  Probe  
  39  3:28  Robotics Facility  
  39  3:31  Pylon  
  40  3:34  Probe  
  40  3:47  Probe x2  
  42  4:03  Assimilator  
  42  4:05  Warp Prism  
  42  4:08  Probe, Assimilator  
  42  4:09  Probe  
  46  4:18  Zealot  
  46  4:20  Probe  
  49  4:25  Gateway  
  49  4:29  Gateway  
  49  4:32  Gateway  
  49  4:34  Gateway  
  49  4:44  Gateway  
  49  4:45  Gateway x2  
  49  4:47  Gateway  
  49  4:49  Gateway  
  49  4:51  Gateway  
  49  4:54  Probe x2  
  49  4:58  Pylon, Dark Shrine  
  51  5:06  Probe  
  52  5:13  Pylon  
  52  5:29  Zealot  
  52  5:30  Zealot x4  
  59  5:48  Probe  
  59  5:49  Probe  
  61  5:52  Zealot x2  
  61  5:53  Zealot x3  
  69  6:07  Zealot x4  
  69  6:08  Zealot x2  
  63  6:17  Zealot x4  
  63  6:35  Dark Templar x2  
  63  6:36  Dark Templar  
  65  6:56  Adept x2  
  64  7:02  Pylon  
  62  7:11  Probe x2  
  62  7:13  Zealot x3  
  62  7:14  Zealot x4  
  70  7:27  Archon  
  70  7:40  Zealot x4  
Tags
 
Add a new tag
Caveats
  • Supply blocks, unpowered buildings, or Contaminate may cause inaccurate times.
  • Supply counts are checked every 10 seconds.